Map: Arctic Dream LE

Players

qqq

  • Race: Zerg Zerg
  • Spawn Location: 5:00

Massa

  • Race: Terran Terran
  • League: Platinum
  • Spawn Location: 6:00

SolinE - Winner!

  • Race: Terran Terran
  • League: Diamond
  • Spawn Location: 11:00

FoXbOw - Winner!

  • Race: Protoss Protoss
  • League: Diamond
  • Spawn Location: 12:00

VOD

Have the link to the VOD?

Description

Time

  • Played on: March 6, 2021, 11:49 a.m.
  • Length: 14:20
Show
View Real Time Build Order
Export as new Build Order

qqq Zerg 

Build Orders: Hatch First 

Get SALT Encoding   

  12  0:04  Drone  
  13  0:10  Drone  
  14  0:18  Overlord  
  14  0:45  Hatchery  
  13  1:09  Drone x3  
  16  2:00  Drone  
  16  2:04  Extractor  
  16  2:05  Drone x2, Spawning Pool  
  16  2:22  Drone x2  
  18  2:24  Drone x2  
  19  2:33  Overlord  
  19  2:35  Drone  
  20  2:39  Drone  
  20  2:43  Drone  
  22  2:52  Queen  
  24  3:01  Queen  
  24  3:04  Drone  
  27  3:08  Drone x2  
  17  3:38  Drone x2  
  17  3:39  Drone x2  
  17  3:40  Metabolic Boost  
  20  3:55  Zergling x6  
  20  3:56  Zergling x2  
  20  4:04  Queen  
  17  4:20  Zergling x2  
  15  4:30  Drone  
  15  4:44  Zergling x4  
  17  4:48  Drone  
  18  4:55  Drone  
  19  5:03  Drone  
  20  5:14  Drone x2  
  20  5:32  Drone  
  20  5:33  Drone x3  
  24  5:38  Drone  
  25  5:49  Drone x2  
  27  6:02  Drone x4  
  31  6:07  Drone  
  32  6:15  Lair  
  32  6:22  Drone x2  
  32  6:24  Drone  
  35  6:27  Drone  
  36  6:43  Spore Crawler  
  36  6:45  Spore Crawler  
  36  6:46  Drone x2  
  36  6:51  Extractor  
  35  6:58  Drone  
  35  7:01  Overlord  
  36  7:14  Hatchery  
  34  7:22  Drone x2  
  36  7:23  Drone x7  
  36  7:25  Drone  
  44  7:45  Extractor  
  44  7:48  Extractor  
  44  7:49  Spire  
  38  8:04  Drone x3  
  38  8:05  Drone x3  
  44  8:06  Overlord x5  
  44  8:25  Drone x2  
  44  8:26  Drone  
  47  8:31  Drone  
  48  8:37  Queen  
  50  8:52  Drone  
  51  8:55  Infestation Pit  
  51  8:59  Hatchery  
  51  9:00  Drone x4  
  51  9:01  Drone x2  
  55  9:02  Mutalisk  
  55  9:03  Mutalisk, Corruptor  
  55  9:05  Corruptor  
  63  9:27  Hatchery  
  63  9:29  Mutalisk x2  
  63  9:30  Corruptor  
  68  9:32  Corruptor  
  68  9:36  Corruptor  
  72  9:38  Mutalisk  
  72  9:42  Mutalisk  
  72  9:45  Mutalisk  
  78  9:59  Corruptor  
  80  10:02  Corruptor  
  80  10:04  Drone x5  
  80  10:05  Drone x3  
  90  10:12  Overlord x2  
  90  10:17  Hive  
  90  10:26  Drone x3  
  93  10:30  Drone  
  93  10:31  Mutalisk  
  93  10:34  Mutalisk  
  98  10:36  Zergling x4  
  98  10:37  Drone x2  
  98  10:38  Overlord x2  
  98  10:39  Drone  
  98  10:51  Mutalisk  
  90  11:01  Mutalisk x2  
  88  11:13  Zergling x6  
  88  11:18  Hatchery  
  90  11:25  Mutalisk  
  90  11:26  Corruptor  
  90  11:29  Zergling x4  
  90  11:30  Drone x3, Zergling x6  
  90  11:31  Zergling x4  
  104  11:34  Extractor  
  104  11:37  Extractor  
  104  11:39  Extractor  
  100  11:42  Corruptor x2  
  94  11:55  Corruptor  
  94  11:57  Corruptor  
  94  11:58  Drone x5  
  94  11:59  Drone  
  93  12:11  Corruptor  
  93  12:12  Drone x4  
  93  12:13  Drone x2  
  95  12:16  Spine Crawler  
  95  12:17  Spine Crawler  
  95  12:19  Spine Crawler  
  92  12:24  Zergling x4  
  92  12:25  Zergling x2, Viper  
  98  12:39  Mutalisk  
  100  12:45  Spine Crawler  
  100  12:46  Drone x4  
  100  12:47  Drone x6  
  109  12:52  Drone  
  109  12:57  Evolution Chamber  
  109  12:59  Evolution Chamber  
  109  13:00  Ultralisk Cavern  
  103  13:13  Spine Crawler x2  
  103  13:14  Corruptor x2  
  103  13:16  Drone  
  103  13:17  Drone x5, Spine Crawler  
  110  13:21  Extractor  
  110  13:24  Corruptor x2  
  113  13:33  Corruptor  
  115  13:35  Drone x2  
  115  13:37  Drone x3  
  115  13:39  Drone  
  115  13:40  Drone x2  
  119  13:49  Corruptor x3  
Show
View Real Time Build Order
Export as new Build Order

Massa Terran 

Build Orders:  

Get SALT Encoding   

  12  0:00  SCV  
  13  0:12  SCV  
  14  0:17  Supply Depot  
  14  0:25  SCV  
  15  0:39  SCV  
  15  0:41  Barracks  
  16  0:47  Refinery  
  16  0:51  SCV  
  17  1:03  SCV  
  18  1:19  SCV  
  19  1:30  Supply Depot  
  19  1:33  Orbital Command  
  19  1:34  Marine  
  20  1:55  Reaper  
  20  1:59  SCV  
  22  2:07  Command Center  
  22  2:11  SCV  
  23  2:22  Factory  
  23  2:35  SCV  
  24  2:39  Barracks Reactor  
  24  2:40  Engineering Bay  
  24  2:41  Supply Depot  
  24  2:47  SCV  
  24  2:59  SCV  
  25  3:26  Marine x2  
  27  3:33  Orbital Command  
  26  3:39  Refinery  
  26  3:46  Starport, Barracks  
  26  3:53  Hellion x2  
  26  3:55  Barracks Reactor  
  30  3:59  SCV  
  30  4:01  SCV  
  32  4:11  SCV  
  32  4:14  Hellion  
  32  4:15  Hellion  
  37  4:36  Hellion x2  
  41  4:49  Marine x2  
  41  4:51  Starport Tech Lab  
  43  4:53  Barracks Tech Lab  
  43  4:56  SCV x2  
  43  4:57  Hellion x2  
  49  5:02  Missile Turret  
  49  5:06  Marine  
  49  5:07  Marine  
  50  5:08  SCV x2, Command Center  
  49  5:19  Widow Mine  
  49  5:20  Widow Mine, SCV  
  54  5:22  Stimpack  
  54  5:32  Supply Depot  
  54  5:33  Supply Depot  
  54  5:34  Terran Infantry Weapons Level 1  
  54  5:35  Supply Depot  
  54  5:53  Raven, Marine x3  
  59  6:01  Widow Mine x2  
  63  6:10  Missile Turret  
  63  6:11  Marauder, Marine  
  66  6:13  SCV x2  
  68  6:22  Widow Mine x2  
  68  6:23  Marine, Supply Depot  
  68  6:24  Supply Depot  
  68  6:25  SCV x2  
  75  6:29  Marine, Corvid Reactor  
  75  6:30  SCV  
  77  6:37  SCV x2  
  79  6:41  Marine  
  79  6:42  SCV  
  79  6:51  Missile Turret  
  78  7:01  SCV x2  
  80  7:12  Combat Shield  
  80  7:13  SCV x2  
  82  7:19  Missile Turret  
  82  7:22  Missile Turret  
  78  7:38  Marauder, Marine x2  
  70  7:56  Marine x2  
  64  8:00  Marauder  
  60  8:14  Marine x2  
  62  8:21  Barracks, Marauder  
  62  8:23  Barracks, Medivac  
  62  8:24  Barracks  
  62  8:25  Barracks  
  64  8:33  Refinery, Missile Turret  
  64  8:34  Marine  
  64  8:35  Refinery, Marine  
  64  8:38  Factory Tech Lab  
  62  8:42  Marauder  
  64  8:52  Marine x2  
  66  9:03  Marine, Planetary Fortress  
  66  9:05  SCV x2  
  66  9:08  Raven  
  71  9:10  Terran Infantry Armor Level 1, Marine x2  
  73  9:17  SCV  
  73  9:18  Refinery, SCV  
  73  9:21  Marauder  
  77  9:29  SCV  
  77  9:30  SCV  
  79  9:32  Barracks Reactor, Barracks Tech Lab x2  
  79  9:33  Barracks Reactor, Marine x2  
  81  9:39  Refinery  
  81  9:42  Refinery, SCV  
  81  9:43  Marauder  
  84  9:51  Marine x2  
  86  9:52  Marine  
  86  9:53  Marine  
  86  9:54  Siege Tank  
  86  9:57  SCV x3  
  94  10:00  Sensor Tower  
  94  10:04  Marauder  
  96  10:09  SCV x3, Marine x2  
  96  10:10  Marine  
  96  10:11  Marine  
  103  10:17  Marine x4  
  103  10:21  SCV x2  
  109  10:30  Supply Depot  
  109  10:31  Supply Depot  
  109  10:32  Supply Depot  
  109  10:33  Supply Depot  
  109  10:34  Supply Depot  
  109  10:35  Armory  
  109  10:36  Supply Depot  
  109  10:38  Supply Depot x2  
  109  10:51  Marine x4  
  109  10:52  SCV x2, Marauder, Marine x3  
  109  10:53  SCV, Raven, Marauder, Siege Tank  
  128  11:00  Supply Depot  
  128  11:04  SCV x2  
  130  11:05  Command Center  
  130  11:10  Marauder  
  130  11:13  Marauder, Sensor Tower  
  130  11:14  Marauder  
  134  11:32  Marauder  
  136  11:34  Siege Tank  
  136  11:35  Marauder  
  136  11:36  SCV x3, Raven, Marauder  
  148  11:48  SCV  
  148  11:53  Marauder  
  151  11:56  Marauder  
  151  11:57  Marauder  
  155  12:06  Siege Tank  
  114  12:34  Raven  
  114  12:37  Marauder x3, Marine x4  
  112  12:38  Marine x2, Siege Tank  
  121  12:55  Marine  
  121  12:58  Marauder x3  
  104  13:04  Marine  
  93  13:13  Orbital Command  
  93  13:14  SCV x3  
  93  13:17  Raven  
  93  13:19  Marauder  
  104  13:20  Marauder x2  
  104  13:25  Command Center  
  104  13:26  SCV x2  
  106  13:28  Engineering Bay  
  106  13:41  Marauder x2  
  108  13:48  Marauder, Marine x3  
  92  13:49  Marine x2  
  94  14:02  SCV x2  
  99  14:03  SCV x2  
Show
View Real Time Build Order
Export as new Build Order

SolinE Terran - Winner!

Build Orders: Mech 

Get SALT Encoding   

  12  0:00  SCV  
  13  0:12  SCV  
  14  0:18  Supply Depot  
  14  0:24  SCV  
  15  0:29  Refinery  
  15  0:40  SCV  
  16  0:45  Barracks  
  16  0:52  SCV  
  17  1:06  SCV, Barracks  
  18  1:18  SCV  
  19  1:21  Refinery  
  19  1:33  Orbital Command  
  19  1:34  Reaper  
  20  1:42  Supply Depot  
  21  1:54  Reaper  
  21  2:00  SCV  
  22  2:06  Reaper  
  23  2:12  SCV  
  23  2:15  Supply Depot  
  24  2:26  Reaper  
  24  2:27  SCV  
  26  2:38  Factory  
  26  2:39  SCV  
  26  2:43  Reaper  
  28  2:51  SCV  
  29  3:01  Marine  
  29  3:03  SCV  
  31  3:14  Marine  
  31  3:15  SCV  
  31  3:19  Marine  
  34  3:24  Factory Tech Lab  
  34  3:26  Command Center  
  34  3:32  Marine  
  35  3:37  Marine  
  36  3:43  Siege Tank  
  39  3:54  Marine  
  39  4:14  Supply Depot x2  
  39  4:27  Marine  
  39  4:31  Marine  
  39  4:35  Siege Tank  
  40  4:42  SCV  
  40  4:45  Marine  
  37  4:49  Marine  
  38  4:54  SCV  
  38  4:55  Orbital Command  
  39  5:03  Marine  
  39  5:06  SCV  
  39  5:07  Marine, Siege Tank  
  45  5:18  SCV  
  45  5:20  Marine  
  47  5:24  Marine  
  47  5:25  Factory  
  47  5:27  Factory  
  48  5:30  SCV  
  48  5:31  SCV  
  50  5:38  Marine  
  50  5:39  Siege Tank  
  50  5:40  Supply Depot  
  50  5:42  Marine  
  54  5:43  SCV x2  
  57  5:53  Command Center  
  57  5:55  SCV x2  
  57  5:56  Marine  
  60  6:04  Engineering Bay  
  60  6:06  Refinery  
  60  6:07  SCV x2  
  60  6:10  Refinery  
  62  6:12  Factory Tech Lab  
  62  6:13  Factory Tech Lab  
  62  6:15  Supply Depot  
  62  6:19  SCV  
  62  6:20  SCV, Siege Tank  
  62  6:23  Marine x2  
  69  6:31  SCV  
  69  6:32  SCV  
  71  6:34  Missile Turret  
  71  6:36  Missile Turret  
  71  6:38  Supply Depot  
  71  6:41  Siege Tank  
  71  6:43  SCV  
  71  6:44  SCV  
  76  6:53  Siege Tank  
  79  6:55  SCV  
  79  6:56  SCV  
  81  7:07  SCV  
  81  7:08  SCV  
  83  7:13  Orbital Command  
  83  7:19  SCV  
  83  7:20  SCV  
  83  7:22  Sensor Tower  
  85  7:28  Siege Tank  
  85  7:29  Siege Tank  
  91  7:31  SCV, Siege Tank  
  91  7:32  SCV, Sensor Tower  
  96  7:43  SCV  
  97  7:44  SCV  
  98  7:55  Marine x2  
  98  7:56  SCV x2  
  102  8:05  Siege Tank  
  102  8:06  Siege Tank  
  102  8:08  SCV  
  102  8:10  Armory  
  109  8:14  Supply Depot  
  109  8:16  Supply Depot x2  
  109  8:30  Refinery  
  109  8:33  Refinery  
  109  8:35  SCV, Marine x2, Siege Tank  
  115  8:44  Missile Turret  
  115  8:46  Siege Tank  
  115  8:47  SCV, Siege Tank  
  122  8:53  Factory, Marine x2  
  122  8:55  Factory  
  124  8:56  SCV  
  124  8:57  SCV  
  124  8:59  SCV  
  127  9:07  Supply Depot  
  127  9:08  SCV, Terran Vehicle Weapons Level 1  
  127  9:09  SCV, Supply Depot x2  
  129  9:10  Supply Depot  
  129  9:11  Marine x2, Supply Depot  
  129  9:12  SCV  
  132  9:21  SCV  
  133  9:29  SCV x2, Marine x2  
  137  9:32  Supply Depot  
  137  9:33  SCV  
  137  9:36  Thor  
  137  9:37  Thor x2  
  156  9:38  Factory Tech Lab  
  156  9:39  Factory Tech Lab  
  156  9:41  SCV x2  
  156  9:45  SCV, Command Center  
  159  9:53  SCV x2  
  159  9:57  SCV  
  162  10:02  Factory  
  162  10:03  Thor  
  162  10:05  SCV x2  
  170  10:11  Supply Depot  
  170  10:13  Supply Depot  
  170  10:14  SCV  
  170  10:17  SCV, Supply Depot  
  172  10:21  Sensor Tower  
  172  10:22  Missile Turret  
  172  10:25  Missile Turret, Thor  
  172  10:26  SCV  
  179  10:31  Missile Turret  
  179  10:32  Thor  
  185  10:36  Terran Infantry Weapons Level 1  
  185  10:38  SCV  
  186  10:50  SCV  
  187  11:02  Factory Tech Lab, SCV  
  187  11:14  Sensor Tower  
  187  11:29  Thor x2  
  182  12:14  Thor x3  
  197  12:19  Siege Tank  
  190  12:30  Siege Tank  
  183  12:51  Thor  
  183  12:57  Thor, Siege Tank x2  
  182  13:02  Siege Tank  
  176  13:15  SCV x3  
  176  13:16  Orbital Command  
  179  13:27  SCV x2  
  179  13:28  SCV  
  179  13:29  Siege Tank x2  
  179  13:30  Refinery  
  188  13:34  Siege Tank  
  188  13:39  SCV  
  188  13:40  SCV x2  
  188  13:51  SCV  
  188  13:52  SCV x2  
  197  13:58  Refinery  
  197  14:00  Factory x2  
Show
View Real Time Build Order
Export as new Build Order

FoXbOw Protoss - Winner!

Build Orders: Carriers 

Get SALT Encoding   

  12  0:00  Probe  
  13  0:12  Probe  
  14  0:21  Pylon  
  14  0:25  Probe  
  15  0:39  Probe (Chrono Boost)  
  15  0:41  Forge  
  16  0:51  Probe (Chrono Boost)  
  17  0:57  Pylon  
  17  1:05  Pylon  
  17  1:09  Probe  
  18  1:16  Pylon  
  17  1:27  Photon Cannon  
  17  1:34  Probe  
  18  1:44  Pylon  
  18  1:48  Photon Cannon  
  18  1:56  Probe  
  18  2:08  Probe  
  19  2:12  Gateway  
  18  2:20  Probe, Assimilator  
  19  2:30  Photon Cannon  
  19  2:32  Probe  
  20  2:45  Nexus  
  20  2:51  Pylon  
  20  2:53  Probe (Chrono Boost)  
  21  3:02  Zealot  
  21  3:19  Probe  
  22  3:34  Probe, Photon Cannon  
  22  3:47  Cybernetics Core  
  22  3:49  Probe (Chrono Boost)  
  23  4:00  Probe (Chrono Boost)  
  25  4:03  Probe (Chrono Boost)  
  27  4:10  Probe x2 (Chrono Boost), Assimilator  
  28  4:19  Probe (Chrono Boost)  
  28  4:20  Probe (Chrono Boost)  
  29  4:31  Probe (Chrono Boost)  
  30  4:34  Pylon  
  30  4:38  Stargate  
  31  4:39  Probe (Chrono Boost)  
  31  4:40  Probe (Chrono Boost)  
  31  4:43  Probe (Chrono Boost)  
  33  4:49  Probe  
  34  4:56  Probe (Chrono Boost)  
  34  4:58  Pylon  
  35  5:01  Probe (Chrono Boost)  
  35  5:03  Assimilator  
  35  5:05  Assimilator  
  36  5:12  Probe (Chrono Boost)  
  36  5:13  Probe (Chrono Boost)  
  38  5:17  Probe (Chrono Boost)  
  38  5:19  Probe, Stargate  
  40  5:22  Oracle (Chrono Boost)  
  40  5:28  Protoss Air Weapons Level 1 (Chrono Boost)  
  43  5:32  Probe  
  44  5:36  Probe  
  45  5:44  Probe, Shield Battery  
  45  5:48  Probe  
  47  5:56  Probe, Pylon  
  48  5:59  Oracle  
  48  6:00  Probe  
  48  6:02  Oracle  
  55  6:08  Probe  
  56  6:12  Probe  
  57  6:21  Probe  
  57  6:24  Probe, Photon Cannon  
  59  6:25  Shield Battery  
  59  6:33  Probe  
  59  6:36  Probe  
  61  6:45  Probe  
  62  6:48  Probe  
  63  6:57  Void Ray x2  
  60  7:07  Probe  
  60  7:08  Nexus  
  69  7:09  Pylon  
  66  7:26  Probe x2  
  68  7:34  Photon Cannon  
  68  7:36  Shield Battery  
  68  7:38  Probe x2, Assimilator  
  68  7:42  Assimilator  
  70  7:47  Pylon  
  70  7:50  Probe  
  69  7:54  Void Ray  
  64  8:00  Void Ray  
  72  8:16  Pylon  
  72  8:17  Probe x2, Pylon  
  74  8:23  Probe  
  74  8:24  Pylon  
  74  8:31  Void Ray  
  74  8:35  Probe  
  74  8:37  Void Ray  
  74  8:39  Probe  
  74  8:41  Probe  
  81  8:47  Probe (Chrono Boost)  
  86  8:50  Pylon  
  86  8:53  Probe (Chrono Boost), Pylon  
  85  8:55  Pylon  
  85  8:56  Probe (Chrono Boost)  
  85  8:59  Probe (Chrono Boost)  
  86  9:03  Fleet Beacon  
  86  9:05  Pylon  
  86  9:06  Stargate  
  86  9:08  Probe x2 (Chrono Boost)  
  86  9:09  Probe (Chrono Boost)  
  89  9:10  Stargate  
  89  9:13  Probe, Void Ray  
  89  9:14  Void Ray  
  89  9:15  Probe  
  91  9:17  Probe, Cybernetics Core  
  91  9:18  Pylon  
  91  9:21  Pylon, Protoss Air Armor Level 1 (Chrono Boost)  
  91  9:23  Pylon  
  100  9:29  Photon Cannon  
  100  9:30  Photon Cannon, Shield Battery  
  100  9:31  Photon Cannon  
  100  9:33  Photon Cannon  
  100  9:34  Pylon  
  100  9:40  Flux Vanes  
  100  9:42  Photon Cannon  
  100  9:44  Pylon  
  100  9:45  Probe  
  101  9:48  Pylon  
  101  9:55  Carrier  
  101  9:59  Pylon  
  107  10:05  Nexus  
  107  10:08  Probe  
  107  10:11  Photon Cannon  
  108  10:14  Probe  
  108  10:15  Probe, Photon Cannon  
  110  10:23  Probe  
  110  10:26  Probe  
  110  10:27  Probe  
  113  10:28  Assimilator  
  113  10:33  Carrier (Chrono Boost)  
  119  10:36  Probe  
  119  10:38  Probe  
  119  10:39  Probe  
  122  10:43  Carrier (Chrono Boost)  
  122  10:48  Probe  
  125  10:51  Probe x2  
  127  11:06  Probe  
  127  11:07  Probe x2  
  127  11:11  Carrier x2 (Chrono Boost)  
  122  11:19  Probe  
  122  11:24  Probe  
  124  11:26  Assimilator  
  124  11:30  Carrier (Chrono Boost)  
  130  11:33  Pylon  
  130  11:41  Carrier (Chrono Boost)  
  132  12:15  Carrier x2 (Chrono Boost)  
  132  12:20  Probe x2, Stargate  
  132  12:22  Stargate  
  134  12:23  Probe, Twilight Council  
  135  12:32  Probe  
  135  12:33  Probe, Nexus  
  135  12:35  Probe, Photon Cannon  
  135  12:36  Assimilator  
  138  12:37  Photon Cannon  
  138  12:39  Photon Cannon  
  138  12:40  Photon Cannon, Assimilator  
  138  12:42  Photon Cannon  
  138  12:44  Probe, Shield Battery  
  138  12:45  Probe, Pylon  
  138  12:46  Probe  
  138  12:47  Probe  
  138  12:50  Pylon  
  142  12:57  Probe  
  143  12:59  Probe x3  
  146  13:09  Probe  
  146  13:11  Probe  
  146  13:12  Carrier x2  
  160  13:15  Carrier  
  160  13:19  Pylon  
  166  13:20  Photon Cannon  
  166  13:24  Photon Cannon  
  166  13:25  Shield Battery  
  166  13:28  Photon Cannon  
  166  13:31  Pylon  
  166  13:47  Pylon  
  172  13:49  Probe  
  173  14:17  Photon Cannon  
  173  14:18  Photon Cannon  
  173  14:19  Photon Cannon  
Tags
 
Add a new tag
Caveats
  • Supply blocks, unpowered buildings, or Contaminate may cause inaccurate times.
  • Supply counts are checked every 10 seconds.